 Dungeon Crawl Stone Soup version 0.31.0-32-g396128a36d (webtiles) character file.

Game seed: 3081556532848410737

5119 hawla the Protected (level 10, 0/76 (77) HPs)
             Began as a Minotaur Fighter on Mar 10, 2024.
             Constricted to death by Erica (2 damage)
             ... on level 8 of the Dungeon.
             The game lasted 00:14:32 (6847 turns).

hawla the Protected (Minotaur Fighter)              Turns: 6847, Time: 00:14:34

HP:   0/76 (77)     AC: 19    Str: 20    XL:     10   Next: 32%
MP:   9/9           EV:  5    Int:  5    God:
Gold: 510           SH: 11    Dex: 19    Spells: 9/9 levels left

rFire   + . .        t - +6 short sword "Minotaur's Death" {freeze, rElec rF+ Dex+4}
rCold   + . .        c - +0 buckler
rNeg    . . .        j - +0 plate armour
rPois   .            (helmet restricted)
rElec   +            (no cloak)
rCorr   .            (no gloves)
SInv    .            (no boots)
Will    .....        h - amulet of reflection Stlth
                     e - ring of protection from cold
HPRegen 0.32/turn    i - +4 ring of protection
MPRegen 0.11/turn

%: reflection
@: mighty, lethally poisoned (0 -> -18), slowed, constricted, lightly drained,
very slow
A: horns 2, retaliatory headbutt
a: no special abilities


You were on level 8 of the Dungeon.
You visited 2 branches of the dungeon, and saw 9 of its levels.
You also visited: Sewer and Ossuary.

You collected 562 gold pieces.
You spent 52 gold pieces at shops.

Inventory:

Hand Weapons
 t - the +6 short sword "Minotaur's Death" (weapon) {freeze, rElec rF+ Dex+4}
   (You found it on level 3 of the Dungeon)

   Dex+4:     It affects your dexterity (+4).
   rF+:       It protects you from fire.
   rElec:     It insulates you from electricity.
 F - a +2 heavy long sword
Missiles
 p - 11 poisoned darts (quivered)
Armour
 c - a +0 buckler (worn)
 j - a +0 plate armour (worn)
Jewellery
 e - a ring of protection from cold (left hand)
 h - an amulet of reflection (around neck)
 i - a +4 ring of protection (right hand)
 B - a ring of see invisible
 G - an amulet of faith
Wands
 a - a wand of quicksilver (9)
 d - a wand of flame (19)
 u - a wand of paralysis (5)
Scrolls
 f - a scroll of amnesia
 k - 2 scrolls of brand weapon
 l - 4 scrolls of teleportation
 o - 3 scrolls of immolation
 q - a scroll of noise
 v - a scroll of summoning {unknown}
 y - a scroll of enchant weapon
 z - a scroll of identify
 A - a scroll of vulnerability {unknown}
 C - a scroll of revelation {unknown}
 D - 3 scrolls of blinking {unknown}
Potions
 g - a potion of curing
 m - 2 potions of berserk rage {unknown}
 n - a potion of degeneration {unknown}
 r - 3 potions of enlightenment {unknown}
 s - 2 potions of haste
 w - 5 potions of heal wounds {unknown}
 x - a potion of attraction {unknown}
 E - a potion of lignification {unknown}


   Skills:
 - Level 3.6 Fighting
 - Level 9.8(10.0) Short Blades
 - Level 2.4(7.2) Long Blades
 - Level 6.0 Throwing
 + Level 12.0 Armour
 - Level 3.0 Dodging
 - Level 5.0 Shields
 - Level 2.0 Evocations


You had 9 spell levels left.
You didn't know any spells.
Your spell library was empty.

Dungeon Overview and Level Annotations

Branches:
Dungeon (8/15)             Temple (1/1) D:7           Sewer (visited)
Ossuary (visited)
   Lair: D:8-11

Altars:
Ashenzari
Dithmenos
Fedhas
Kikubaaqudgha
Nemelex Xobeh
Ru
Sif Muna
Uskayaw
Vehumet
Wu Jian
Xom
The Shining One

Shops:
D:1 *   D:5 :

Annotations:
D:8 Erica


Innate Abilities, Weirdness & Mutations

You have a pair of horns on your head.
You reflexively headbutt those who attack you in melee.


Message History

You block the wight's attack.
You puncture something! You freeze something.
You feel very sick.
You barely miss something.
You feel sick. Something hits you! Something burns you.
You are constricted.
The wight barely misses you.
You completely miss something. You headbutt something.
You feel sick. Something hits you but does no damage.
You are constricted.
The wight barely misses you.
You feel very mighty all of a sudden.
You feel sick.
You hear some strange, mumbled words.
You feel as though you will be slow longer.
You are constricted.
You block the wight's attack.
You puncture something! You freeze something. You headbutt something!
You feel sick. Something hits you but does no damage.
You are constricted.
* * * LOW HITPOINT WARNING * * *
The wight hits you but does no damage.
Unknown command.
You completely miss something.
You feel sick. Something hits you but does no damage.
You are constricted.
You block the wight's attack.
You miss something.
You feel sick. You block something's attack.
You are constricted.
* * * LOW HITPOINT WARNING * * *
The wight hits you with a +5 scimitar!
* * * LOW HITPOINT WARNING * * *
You feel better. Something hits you.
* * * LOW HITPOINT WARNING * * *
Something burns you.
* * * LOW HITPOINT WARNING * * *
You are constricted.
The wight hits you with a +5 scimitar.
* * * LOW HITPOINT WARNING * * *
You feel drained. You block the wight's attack.
You hear some strange, mumbled words.
A bolt of poison appears from out of thin air!
The bolt of poison hits you.
You are lethally poisoned!
* * * LOW HITPOINT WARNING * * *
You are constricted.
You die...

. #.....# .
#.....# +
#####.....#
..........# ..
...........# ...
...........+...
........{..#'###
#####
.......z@........
.....
.........>.......
.....
.................
...<.
.................
.....
.......)........
.....
................
.....
...........####⌠
####.
...........#.#
#.#.
...........#.#
#.##


You could see a wight.

Vanquished Creatures
  A gargoyle (D:8)
  Maggie (D:7)
  Jeremiah (D:8)
  Prince Ribbit (D:8)
  Sigmund (D:2)
  A steam dragon (D:5)
  3 vampire mosquitoes (D:6)
  A water moccasin (D:7)
  Duvessa (D:4)
  Pargi (Sewer)
  2 ice beasts
  A sky beast (D:7)
  A black bear (D:7)
  2 centaurs (D:8)
  2 phantoms
  Blork the orc (D:5)
  2 brain worms (Sewer)
  4 bullfrogs
  A scorpion (D:4)
  5 wights
  Dowan (D:4)
  2 vampire bats (D:5)
  2 bombardier beetles
  5 howler monkeys
  An electric eel (D:8)
  8 crimson imps (D:6)
  4 jellies
  3 orc priests
  6 hounds
  A gnoll bouda (D:4)
  4 iguanas
  Terence (D:2)
  5 orc wizards
  8 mummies (Ossuary)
  4 gnolls
  3 adders
  A shadow imp (D:6)
  2 white imps
  2 ufetubi (D:6)
  2 dart slugs
  16 orcs
  2 bat skeletons (D:5)
  4 bat zombies (D:5)
  7 endoplasms
  5 giant cockroaches
  3 gnoll zombies (Ossuary)
  8 goblins
  8 hobgoblins
  5 quokkas
  9 ball pythons
  6 bats
  5 frilled lizards
  2 hobgoblin zombies (Ossuary)
  14 kobolds
  A kobold zombie (Ossuary)
  2 orc zombies (Ossuary)
  6 rats
201 creatures vanquished.

Notes
Turn   | Place    | Note
-------+----------+-------------------------------------------
     0 | D:1      | hawla the Minotaur Fighter began the quest for the Orb.
     0 | D:1      | Reached XP level 1. HP: 19/19 MP: 0/0
    26 | D:1      | Reached skill level 1 in Dodging
    51 | D:1      | Reached XP level 2. HP: 15/26 MP: 1/1
   217 | D:1      | Found a faded altar of an unknown god.
   355 | D:1      | Reached XP level 3. HP: 31/31 MP: 2/2
   401 | D:1      | Found Xiraopto's Assorted Antiques.
   443 | D:1      | Bought a scroll labelled CEXTOUVIWO for 26 gold pieces
   443 | D:1      | Bought a scroll labelled XUHOILA CYEHUX for 26 gold pieces
   934 | D:2      | Noticed Sigmund
   956 | D:2      | Killed Sigmund
   957 | D:2      | Reached skill level 5 in Shields
   957 | D:2      | Reached XP level 4. HP: 30/39 MP: 3/3
   957 | D:2      | Reached XP level 5. HP: 34/45 MP: 4/4
  1120 | D:2      | Noticed Terence
  1131 | D:2      | Killed Terence
  1327 | D:3      | Reached XP level 6. HP: 44/51 MP: 5/5
  1754 | D:3      | Found a shimmering altar of Xom.
  1814 | D:3      | Identified the +6 short sword "Minotaur's Death" {freeze,
                  | rElec rF+ Dex+4}
  2150 | D:4      | Noticed Dowan
  2150 | D:4      | Noticed Duvessa
  2173 | D:4      | Killed Dowan
  2174 | D:4      | Reached skill level 5 in Throwing
  2519 | D:4      | Reached XP level 7. HP: 37/57 MP: 6/6
  2541 | D:4      | Reached skill level 1 in Short Blades
  2601 | D:4      | Found a sand-covered staircase.
  2610 | Ossuary  | Entered an ossuary
  3145 | D:4      | Killed Duvessa
  3146 | D:4      | Reached skill level 5 in Short Blades
  3464 | D:5      | Entered Level 5 of the Dungeon
  3489 | D:5      | Found a glowing drain.
  3498 | Sewer    | Entered a sewer
  3507 | Sewer    | Reached XP level 8. HP: 58/64 MP: 5/7
  3598 | Sewer    | Noticed Pargi
  3603 | Sewer    | Killed Pargi
  3749 | D:5      | Noticed Blork the orc
  3759 | D:5      | Killed Blork the orc
  3760 | D:5      | Found a hide-covered altar of Uskayaw.
  3921 | D:5      | Found Lolamyga's Book Boutique.
  4066 | D:5      | Found an ornate altar of the Wu Jian Council.
  4142 | D:5      | Found an ancient bone altar of Kikubaaqudgha.
  4829 | D:6      | Reached XP level 9. HP: 70/70 MP: 8/8
  4906 | D:6      | Reached skill level 1 in Evocations
  4939 | D:6      | Reached skill level 4 in Armour
  4944 | D:6      | Reached skill level 5 in Armour
  5102 | D:6      | Reached skill level 6 in Armour
  5304 | D:6      | Reached skill level 7 in Armour
  5429 | D:7      | Reached skill level 8 in Armour
  5568 | D:7      | Noticed Maggie
  5583 | D:7      | Killed Maggie
  5584 | D:7      | Reached skill level 9 in Armour
  5754 | D:7      | Found a staircase to the Ecumenical Temple.
  5776 | D:7      | Reached skill level 10 in Armour
  5931 | Temple   | Entered the Ecumenical Temple
  6241 | D:8      | Noticed Jeremiah
  6247 | D:8      | Reached XP level 10. HP: 73/77 MP: 9/9
  6263 | D:8      | Killed Jeremiah
  6278 | D:8      | Noticed Prince Ribbit
  6292 | D:8      | Killed Prince Ribbit
  6293 | D:8      | Reached skill level 11 in Armour
  6770 | D:8      | Noticed a gargoyle
  6776 | D:8      | Killed a gargoyle
  6777 | D:8      | Reached skill level 12 in Armour
  6830 | D:8      | Noticed Erica
  6847 | D:8      | HP: 2/76 [something/bolt of poison (4)]
  6847 | D:8      | Constricted to death by Erica

Illustrated notes

Levels and vault maps discovered:
D:1:      dpeg_arrival_short_road, layout_rooms, basic_ecumenical_altar,
          serial_shops, shop_fountains, chequers_serial_rivers_small_a
D:2:      layout_loops_cross, hangedman_decor_riveting, item_on_display_a,
          uniq_sigmund, uniq_terence
D:3:      layout_basic, xom_teletrap_fun
D:4:      layout_gridville, nicolae_ossuary_entry_monument, uniq_duvessa
D:5:      wander_river, layout_loops_ring, mainiacjoe_overflow_paths,
          nicolae_wu_jian_wuxing_cycle, kennysheep_vampire_church,
          portal_sewer_entry_d, serial_shops, nicolae_shop_statue_plus,
          uniq_blork_the_orc
D:6:      layout_gridville, minmay_nine_imps
D:7:      layout_rooms, temple_pool_b, minmay_hedge_maze, uniq_maggie
D:8:      lemuel_ice_statue, layout_gridville, minivault_14, uniq_psyche,
          uniq_jeremiah, uniq_erica, uniq_prince_ribbit1
Temple:   nicolae_temple_ecumenical_triangle

Skill      XL: |  1  2  3  4  5  6  7  8  9 10 |
---------------+-------------------------------+-----
Dodging        | 1 3 |  3.0
Shields        | 5 |  5.0
Throwing       | 3 4 6 |  6.0
Short Blades   | 6 9 |  9.8
Evocations     | 2 |  2.0
Armour         | 10 12 | 12.0
Fighting       | |  3.6
Long Blades    | |  2.4

Action                     |  1- 3 |  4- 6 |  7- 9 | 10-12 || total
---------------------------+-------+-------+-------+-------++-------
  Melee: Long sword        |   101 |    71 |       |       ||   172
         Headbutt          |     5 |    15 |    88 |    13 ||   121
         Short sword       |       |    37 |   357 |    74 ||   468
  Throw: Dart              |     1 |       |       |     1 ||     2
  Evoke: Wand              |       |       |       |     5 ||     5
    Use: Potion            |     3 |       |     1 |     2 ||     6
         Scroll            |       |     7 |     3 |       ||    10
   Stab: Paralysed         |       |       |       |     2 ||     2
 Armour: Scale mail        |    42 |       |       |       ||    42
         Plate armour      |    38 |    65 |   160 |    42 ||   305
  Dodge: Dodged            |    40 |    26 |    53 |     7 ||   126
  Block: Buckler           |    34 |    54 |   122 |    18 ||   228
         Reflection        |     1 |     2 |     3 |     1 ||     7
